 Dungeon Crawl Stone Soup version 0.31-a0-237-g2d982f9f85 (webtiles) character file.

Game seed: 2150536535442591785

228 qw the Shooter (level 6, 0/37 HPs)
             Began as a Gargoyle Hexslinger on July 10, 2023.
             Slain by a black bear (2 damage)
             ... on level 4 of the Dungeon.
             The game lasted 00:01:11 (3029 turns).

qw the Shooter (Gargoyle Hexslinger)                Turns: 3029, Time: 00:01:12

Health: 0/37       AC:  7    Str: 11    XL:     6   Next: 2%
Magic:  7/7        EV: 16    Int: 14    God:
Gold:   205        SH:  0    Dex: 14    Spells: 6/7 levels left

rFire   . . .        Y - +0 sling (flame)
rCold   . . .        (no shield)
rNeg    + . .        g - +0 leather armour
rPois   inf          (no helmet)
rElec   +            (no cloak)
rCorr   .            (no gloves)
SInv    .            (no boots)
Will    .....        i - amulet of the acrobat
Stlth   +            k - +5 ring of evasion
HPRegen 0.26/turn    (no ring)
MPRegen 0.10/turn

%: acrobat
@: about to teleport
A: sickness immunity, AC +4, negative energy resistance 1, electricity
resistance, torment resistance 1, petrification resistance
a: no special abilities


You were on level 4 of the Dungeon.
You visited 1 branch of the dungeon, and saw 4 of its levels.

You collected 205 gold pieces.


Innate Abilities, Weirdness & Mutations

You are immune to sickness and miasma.
Your stone body is resilient. (AC +4)
You are immune to poison.
You resist negative energy. (rN+)
You are resistant to electric shocks. (rElec)
You are resistant to unholy torment.
You are immune to petrification.


   Skills:
 - Level 3.1 Fighting
 + Level 5.3 Ranged Weapons
 - Level 1.5 Dodging
 - Level 1.0 Spellcasting
 - Level 2.6 Hexes


You had 6 spell levels left.
You knew the following spells:

 Your Spells              Type           Power      Damage    Failure   Level
a - Slow                  Hex            32%        N/A       12%         1

Your spell library contained the following spells:

 Spells                   Type           Power      Damage    Failure   Level
 Inner Flame              Hex/Fire       4%         N/A       52%         3
 Portal Projectile        Hex/Tloc       8%         N/A       52%         3
 Cause Fear               Hex            4%         N/A       75%         4

Inventory:

Hand Weapons
 Y - a +0 sling of flaming (weapon)
Armour
 g - a +0 leather armour (worn)
 j - a scarf of resistance
Jewellery
 i - an amulet of the acrobat (around neck)
 k - a +5 ring of evasion (left hand)
Wands
 c - a wand of digging (2)
Scrolls
 a - 2 scrolls of identify
 l - 3 scrolls of teleportation
Potions
 b - a potion of resistance
 d - a potion of degeneration {unknown}
 e - a potion of brilliance {unknown}
 f - a potion of berserk rage {unknown}
 h - a potion of enlightenment {unknown}

Dungeon Overview and Level Annotations

Branches:
Dungeon (4/15)
 Temple: D:4-7

Altars:
Elyvilon
Gozag
Hepliaklqana
Kikubaaqudgha
Yredelemnul


Message History

You shoot a sling bullet. The sling bullet hits the black bear.
The sling bullet burns the black bear.
The black bear is severely wounded.
You shoot a sling bullet.
The sling bullet barely misses the black bear.
The black bear barely misses you. The black bear closely misses you. x2
You shoot a sling bullet. The sling bullet hits the black bear.
The sling bullet burns the black bear.
The black bear is severely wounded.
The black bear closely misses you. x2; The black bear misses you.
The black bear goes berserk!
You shoot a sling bullet.
The sling bullet barely misses the black bear.
The black bear bites you!
The black bear claws you but does no damage.
The black bear barely misses you.
You shoot a sling bullet.
The sling bullet barely misses the black bear.
The black bear completely misses you. The black bear barely misses you.
The black bear claws you. The black bear closely misses you.
The black bear claws you.
The black bear claws you but does no damage.
You shoot a sling bullet.
The sling bullet closely misses the black bear.
The black bear bites you!
The black bear claws you but does no damage.
The black bear closely misses you. The black bear bites you.
The black bear claws you.
The black bear claws you but does no damage.
3028 ||| READING 4 scrolls of teleportation.
As you read the scroll of teleportation, it crumbles to dust.
You feel strangely unstable. The black bear barely misses you.
The black bear misses you. x2
You shoot a sling bullet. The sling bullet hits the black bear.
The sling bullet burns the black bear.
The black bear is almost dead.
The black bear misses you. The black bear claws you. The black bear misses you.
The black bear bites you but does no damage.
The black bear claws you.
You die...

.................#.# #.#......
#................#.# ###.##...##
.................#.####....#.###
.................#......#....#
............................##
....................####....#
............................#
.........#.##...h.......#...#
.......#...# ##.@....##.....#
..........### #.....####.#.##
.....<.##.#.###.....# #.#.#
.......#...?........####.#.###
....####..)...>..............##
....# #..........#####.......#
....# #..........# #.......#
....# #...>......#####.......#
..### #......................#


You could see a black bear (berserk).

Vanquished Creatures
  2 vampire bats (D:3)
  An orc priest (D:4)
  A gnoll (D:4)
  2 adders
  A worm (D:3)
  6 dart slugs
  5 orcs (D:4)
  4 bat skeletons (D:3)
  A bat zombie (D:3)
  3 endoplasms
  A giant cockroach (D:3)
  10 goblins
  8 hobgoblins
  3 quokkas
  8 ball pythons
  3 bats
  5 frilled lizards
  3 kobolds
  6 rats
73 creatures vanquished.

Notes
Turn   | Place    | Note
-------+----------+-------------------------------------------
     0 | D:1      | qw the Gargoyle Hexslinger began the quest for the Orb.
     0 | D:1      | Reached XP level 1. HP: 12/12 MP: 2/2
     0 | D:1      | 0 ||| qw: Version: 0.3-a-52-g30416fa
     0 | D:1      | 0 ||| qw: Game counter: 5228
     0 | D:1      | 0 ||| qw: Melee chars always use a shield: true
     0 | D:1      | 0 ||| qw: God list: Okawaru
     0 | D:1      | 0 ||| qw: Allow faded altars: false
     0 | D:1      | 0 ||| qw: Do Orc after clearing Dungeon:15 true
     0 | D:1      | 0 ||| qw: Do second Lair branch before Depths: true
     0 | D:1      | 0 ||| qw: Lair rune preference: random
     0 | D:1      | 0 ||| qw: Goals: Normal
     0 | D:1      | 0 ||| PLANNING D:1-11
   120 | D:1      | Reached XP level 2. HP: 16/16 MP: 3/3
   207 | D:1      | 207 ||| FLEEEEING.
   208 | D:1      | 208 ||| FLEEEEING.
   231 | D:1      | Reached skill level 3 in Ranged Weapons
   608 | D:1      | 608 ||| READING 3 scrolls labelled KACHIKLUIFO.
   609 | D:1      | 609 ||| READING 2 scrolls of identify.
   609 | D:1      | 609 ||| IDENTIFYING white potion
   610 | D:1      | 610 ||| DROPPING scroll of poison.
   611 | D:1      | 611 ||| DROPPING potion of ambrosia.
   745 | D:2      | Reached XP level 3. HP: 21/21 MP: 4/4
   848 | D:2      | Found a white marble altar of Elyvilon.
  1159 | D:2      | 1159 ||| UPGRADING to +0 leather armour.
  1172 | D:2      | 1172 ||| DROPPING +0 robe.
  1201 | D:2      | 1201 ||| READING scroll labelled MIVVEL SOSIXT.
  1219 | D:2      | 1219 ||| READING scroll labelled SIUGIX VIVADU.
  1220 | D:2      | 1220 ||| READING 2 scrolls of identify.
  1220 | D:2      | 1220 ||| IDENTIFYING smoky coppery potion
  1504 | D:2      | 1504 ||| SWAPPING to +0 sling of freezing.
  1505 | D:2      | 1505 ||| DROPPING +1 sling.
  1682 | D:2      | 1682 ||| UPGRADING to amulet of the acrobat.
  1687 | D:2      | 1687 ||| READING scroll labelled HUNUKE XAHU.
  1707 | D:3      | Found a faded altar of an unknown god.
  1768 | D:3      | Found a white marble altar of Elyvilon.
  1874 | D:3      | Found an opulent altar of Gozag.
  2038 | D:3      | Reached XP level 4. HP: 26/26 MP: 5/5
  2122 | D:3      | Reached skill level 4 in Ranged Weapons
  2526 | D:3      | Found a hazy altar of Hepliaklqana.
  2559 | D:3      | Found an ancient bone altar of Kikubaaqudgha.
  2577 | D:3      | Reached XP level 5. HP: 30/30 MP: 6/6
  2581 | D:3      | Reached skill level 5 in Ranged Weapons
  2597 | D:3      | 2597 ||| UPGRADING to +5 ring of evasion.
  2598 | D:3      | 2598 ||| READING scroll labelled KIG EMNEISSIS.
  2599 | D:3      | 2599 ||| READING scroll labelled LOAB LIRICVIRE.
  2600 | D:3      | 2600 ||| READING 2 scrolls labelled MIANOA DYEHEPU.
  2695 | D:4      | Reached skill level 3 in Fighting
  2790 | D:4      | Found a basalt altar of Yredelemnul.
  2933 | D:4      | Reached XP level 6. HP: 37/37 MP: 7/7
  2993 | D:4      | Noticed a black bear
  3027 | D:4      | HP: 8/37 [black bear (3)]
  3028 | D:4      | 3028 ||| READING 4 scrolls of teleportation.
  3029 | D:4      | HP: 2/37 [black bear (6)]
  3029 | D:4      | Slain by a black bear

Levels and vault maps discovered:
D:1:      grunt_arrival_lava_bath, layout_loops_ring
D:2:      layout_loops_corners, basic_altar, minmay_puff
D:3:      minmay_general_purpose_star, layout_basic,
          mainiacjoe_overflow_concentric_impassable, old_standard_altar,
          mainiacjoe_overflow_alcove_1, kennysheep_vampire_church,
          nicolae_ecumenical_oubliette
D:4:      layout_rooms, lemuel_tele_altar, hex_tiny, minmay_manual_mess

Skill      XL: |  1  2  3  4  5 |
---------------+----------------+-----
Ranged Weapons | 3 4 5 |  5.3
Fighting       | 2 3 |  3.1
Dodging        | |  1.5
Spellcasting   | |  1.0
Hexes          | |  2.6

Action                     |  1- 3 |  4- 6 || total
---------------------------+-------+-------++-------
   Fire: Sling             |   110 |   116 ||   226
    Use: Scroll            |     6 |     4 ||    10
 Armour: Robe              |     5 |       ||     5
         Leather armour    |     6 |    24 ||    30
         Skin              |     1 |       ||     1
  Dodge: Dodged            |    22 |    54 ||    76

Table legend:
 A = Non-vault XP
 B = Vault XP
 C = Vault XP percentage of total XP
 D = Non-vault monster count
 E = Vault monster count
 F = Vault count percentage of total count
                 A         B        C        D         E       F
            +---------+---------+-------+---------+---------+-------
      Total |     176 |     151 |  46.2 |      55 |      18 |  24.7
            +---------+---------+-------+---------+---------+-------
        D:1 |      29 |       0 |   0.0 |      16 |       0 |   0.0
        D:2 |      36 |       5 |  12.2 |      14 |       4 |  22.2
        D:3 |      27 |     126 |  82.4 |      12 |      10 |  45.5
        D:4 |      84 |      20 |  19.2 |      13 |       4 |  23.5
            +---------+---------+-------+---------+---------+-------
